 Dungeon Crawl Stone Soup version 0.29-a0-757-g358383bc75 (webtiles) character file.

Game seed: 5455547935362825397

40491 Zonian the Covert (level 14, -3/67 HPs)
             Began as a Vine Stalker Ice Elementalist on June 30, 2022.
             Was a High Priest of Okawaru.
             Slain by Rupert
             ... wielding a +1 vorpal great mace
              (4 damage)
             ... on level 6 of the Lair of Beasts on July 1, 2022.
             The game lasted 01:03:13 (19752 turns).

Zonian the Covert (Vine Stalker Ice Elementalist)  Turns: 19752, Time: 01:03:13

Health: -3/67      AC: 11    Str: 13    XL:     14   Next: 11%
Magic:  0/28       EV: 19    Int: 17    God:    Okawaru [*****.]
Gold:   707        SH:  5    Dex: 32    Spells: 14/32 levels left

rFire   . . .      SeeInvis .   c - +3 dagger (venom)
rCold   . . .      Faith    .   (no shield)
rNeg    . . .      Spirit   +   C - +0 steam dragon scales of Okawaru's Condemnation {rElec Dex+7}
rPois   .          Reflect  +   l - +1 helmet
rElec   +          Harm     .   (no cloak)
rCorr   .          Rampage  .   r - +2 pair of gloves {Str+3}
Will    +....                   g - +0 pair of boots
Stlth   +++++.....              z - amulet of reflection
HPRegen 1.01/turn               h - +6 ring of dexterity
MPRegen 0.21/turn               e - +4 ring of evasion

@: silenced
A: fangs 3, regeneration 1, magic shield, antimagic bite, no potion heal 2
a: Renounce Religion


You were on level 6 of the Lair of Beasts.
You worshipped Okawaru.
Okawaru was extremely pleased with you.
You visited 3 branches of the dungeon, and saw 16 of its levels.

You collected 986 gold pieces.
You spent 279 gold pieces at shops.

Inventory:

Hand Weapons
 c - a +3 dagger of venom (weapon)
 j - a +1 war axe of flaming
 m - a +2 dagger of pain
 s - a +2 sling of flaming
 u - a +0 scimitar
 x - a +4 long sword of freezing
 y - a +5 long sword
 H - the +4 rapier "Eveocs" {holy, Int+4}
   (Okawaru gifted it to you on level 6 of the Lair of Beasts)

   It has been blessed by the Shining One to cause great damage to the undead
   and demons.
   Int:       It affects your intelligence (+4).
 M - the +7 morningstar of Law {speed, rElec Str-4 Dex+4}
   (Okawaru gifted it to you on level 6 of the Lair of Beasts)

   Attacks with this weapon are significantly faster.
   Str:       It affects your strength (-4).
   Dex:       It affects your dexterity (+4).
   rElec:     It insulates you from electricity.
Missiles
 v - 3 curare-tipped darts
 w - 11 boomerangs
Armour
 g - a +0 pair of boots (worn)
 l - a +1 helmet (worn)
 r - a +2 pair of gloves of strength (worn)
 C - the +0 steam dragon scales of Okawaru's Condemnation (worn) {rElec Dex+7}
   (Okawaru gifted it to you on level 1 of the Lair of Beasts)

   Dex:       It affects your dexterity (+7).
   rElec:     It insulates you from electricity.
 E - an orb of wrath
 I - the +0 robe of Divine Compulsion {rPois Will+}
   (Okawaru gifted it to you on level 4 of the Lair of Beasts)

   rPois:     It protects you from poison.
   Will:      It increases your willpower.
 N - a +0 buckler
Jewellery
 e - a +4 ring of evasion (right hand)
 h - a +6 ring of dexterity (left hand)
 z - an amulet of reflection (around neck)
 B - an amulet of regeneration
 F - a +6 ring of dexterity
 L - a ring of resist corrosion
Wands
 f - a wand of iceblast (5)
 k - a wand of flame (26)
 n - a wand of polymorph (12)
 q - a wand of mindburst (22)
 A - a wand of paralysis (4)
Scrolls
 a - 5 scrolls of identify
 o - a scroll of poison
 t - 4 scrolls of magic mapping
 D - 3 scrolls of fear
 J - 3 scrolls of fog
Potions
 d - 5 potions of flight
 i - a potion of attraction
 p - 3 potions of resistance
Miscellaneous
 G - a condenser vane (inert)


   Skills:
 + Level 4.4 Fighting
 + Level 8.1 Short Blades
 - Level 3.0 Dodging
 + Level 12.8 Stealth
 + Level 9.9 Spellcasting
 + Level 5.7 Conjurations
 + Level 7.8 Hexes
 + Level 10.5 Ice Magic
 + Level 9.0 Invocations
 + Level 4.4 Evocations


You had 14 spell levels left.
You knew the following spells:

 Your Spells              Type           Power      Damage    Failure   Level
a - Freeze                Ice            100%       1d11      1%          1
b - Frozen Ramparts       Ice            88%        1d10      1%          3
c - Ozocubu's Armour      Ice            44%        N/A       1%          3
d - Ensorcelled Hibernat  Hex/Ice        78%        N/A       1%          2
e - Hailstorm             Conj/Ice       36%        3d9       3%          4
f - Metabolic Englaciati  Hex/Ice        19%        N/A       5%          5

Your spell library contained the following spells:

 Spells                   Type           Power      Damage    Failure   Level
 Magic Dart               Conj           100%       1d8       1%          1
 Slow                     Hex            100%       N/A       1%          1
 Searing Ray              Conj           56%        2d6       1%          2
 Confusing Touch          Hex            35%        N/A       1%          3
 Static Discharge         Conj/Air       18%        N/A       4%          2
 Fulminant Prism          Conj/Hex       15%        3d11      5%          4
 Sting                    Tmut/Pois      32%        1d4       9%          1
 Mephitic Cloud           Conj/Pois/Air  14%        N/A       12%         3
 Passwall                 Tmut/Erth      6%         N/A       13%         2
 Anguish                  Hex/Necr       10%        N/A       17%         4
 Ignite Poison            Fire/Tmut/Pois 8%         N/A       26%         3
 Spider Form              Tmut/Pois      8%         N/A       26%         3
 Swiftness                Air            8%         N/A       26%         3
 Vampiric Draining        Necr           8%         2d6       26%         3
 Freezing Cloud           Conj/Ice/Air   13%        6-21      26%         5
 Lightning Bolt           Conj/Air       9%         1d21      58%         5
 Corpse Rot               Necr/Pois/Air  8%         N/A       65%         4
 Dispel Undead            Necr           8%         3d8       65%         4
 Petrify                  Tmut/Erth      8%         N/A       65%         4
 Alistair's Intoxication  Tmut/Pois      5%         N/A       94%         5
 Statue Form              Tmut/Erth      5%         N/A       100%        6
 Maxwell's Capacitive Co  Air            4%         ∞         100%        8
 Summon Guardian Golem    Hex/Summ       Unusable   N/A       N/A         3
 Summon Small Mammal      Summ           Unusable   N/A       N/A         1
 Call Canine Familiar     Summ           Unusable   N/A       N/A         3
 Death Channel            Necr           Unusable   N/A       N/A         6

Dungeon Overview and Level Annotations

Branches:
Dungeon (9/15)             Temple (1/1) D:4            Lair (6/6) D:9
 Shoals (0/4) Lair:4        Snake (0/4) Lair:3        Slime (0/5) Lair:6
    Orc: D:9-12

Altars:
Ashenzari
Cheibriados
Dithmenos
Elyvilon
Fedhas
Gozag
Kikubaaqudgha
Makhleb
Okawaru
Qazlal
Ru
Sif Muna
Trog
Uskayaw
Wu Jian
Xom
Yredelemnul
Zin
The Shining One
Jiyva

Shops:
D:5 [

Annotations:
D:2 Sigmund
D:5 3 runed translucent doors, hgbash's ghost, novice GrBe
Lair:3 1 runed translucent door, Archem's ghost, journeyman OgTm
Lair:6 Rupert


Innate Abilities, Weirdness & Mutations

You have razor-sharp teeth.
Your natural rate of healing is unusually fast.
When hurt, damage is shared between your health and your magic reserves.
Your bite disrupts and absorbs the magic of your enemies.
Potions cannot restore your health.


Message History

You drain his power.
You feel invigorated.
Rupert is severely wounded.
Unknown command.
You hit Rupert but do no damage.
Rupert looks as sick as possible!
You bite Rupert. You drain his power.
Rupert is severely wounded.
Rupert closely misses you.
You hit Rupert.
Rupert looks as sick as possible!
You bite Rupert. You drain his power.
Rupert is severely wounded.
Rupert hits you with a +1 vorpal great mace.
Unknown command.
You closely miss Rupert. You bite Rupert. You drain his power.
You feel invigorated.
Rupert is severely wounded.
You hit Rupert.
Rupert looks as sick as possible!
You bite Rupert! You drain his power.
Rupert is severely wounded.
Rupert closely misses you.
You closely miss Rupert. You bite Rupert, but do no damage.
Rupert is severely wounded.
You hit Rupert.
Rupert looks as sick as possible!
Your bite misses Rupert.
Rupert is almost dead.
Rupert hits you with a +1 vorpal great mace!!
* * * LOW HITPOINT WARNING * * *
x2 Unknown command.
You closely miss Rupert. Your bite misses Rupert.
Rupert is almost dead.
Rupert misses you.
You hit Rupert.
Rupert looks as sick as possible!
You bite Rupert, but do no damage.
Rupert is almost dead.
You hit Rupert.
Rupert looks as sick as possible!
Your bite misses Rupert.
Rupert is almost dead.
Rupert is no longer moving slowly.
Rupert misses you.
You hit Rupert but do no damage. Your bite misses Rupert.
Rupert is almost dead.
Rupert hits you with a +1 vorpal great mace!!
* * * LOW HITPOINT WARNING * * *
You die...

........PP.###..♣≈......(...≈♣≈..
................≈♣..........≈≈≈..
............#...≈≈≈..........≈...
#................≈♣.........≈≈...
#......#÷....##...♣≈≈.....≈≈≈....
..P...#.#...###....♣≈♣..≈≈♣≈.....
........##..........P≈♣♣♣≈≈.....#
.......####......†...≈≈≈≈≈.......
<.#.<...###(...@@...............#
.....(....#.....###.....#P......#
#####............###.........####
##............# #.#..#.#.##
#P..........P## #######...#
#.......#..### ##..#
###.....#..### ####
#P......#..#.## ##............#


You could see Rupert (berserk, extremely poisoned).

Vanquished Creatures
  A dire elephant (Lair:6)
  6 hydras
  2 catoblepae
  A lindwurm (Lair:5)
  2 oklob plants (Lair:1)
  5 black mambas
  11 cane toads
  2 rime drakes
  8 komodo dragons
  2 ice devils (Lair:2)
  A hornet (Lair:6)
  6 polar bears
  Grinder (D:3)
  13 blink frogs
  5 dream sheep (Lair:6)
  2 spriggans (Lair:6)
  2 shadows (D:7)
  6 wyverns
  56 yaks
  5 basilisks
  5 humans (D:8)
  2 steam dragons
  23 water moccasins
  2 hell hounds (Lair:4)
  3 ice beasts
  2 orc warriors
  2 sky beasts (D:7)
  6 boggarts
  36 wolves
  A phantom (D:7)
  18 bullfrogs
  4 necrophages (D:5)
  10 wights
  5 killer bees (D:8)
  2 electric eels (Lair:3)
  4 jellies
  2 hounds (D:5)
  4 orc priests
  Terence (D:3)
  Jessica (D:2)
  4 iguanas
  5 orc wizards
  7 gnolls (D:7)
  7 adders
  A shadow imp (D:8)
  A white imp (D:7)
  An ufetubus (D:6)
  2 worms
  5 dart slugs
  20 orcs
  5 ball pythons
  6 endoplasms
  4 giant cockroaches
  3 goblins
  8 hobgoblins
  8 jackals
  A quokka (D:3)
  7 bats
  5 frilled lizards
  6 kobolds
  4 rats
380 creatures vanquished.

Vanquished Creatures (others)
  A bush (Lair:6)
  35 fungi
  99 plants
135 creatures vanquished.

Grand Total: 515 creatures vanquished

Notes
Turn   | Place    | Note
-------+----------+-------------------------------------------
     0 | D:1      | Zonian the Vine Stalker Ice Elementalist began the quest
                  | for the Orb.
     0 | D:1      | Reached XP level 1. HP: 9/9 MP: 4/4
   443 | D:1      | Reached XP level 2. HP: 10/13 MP: 1/6
   945 | D:1      | Reached skill level 3 in Stealth
  1265 | D:1      | Reached XP level 3. HP: 16/16 MP: 7/7
  1374 | D:2      | You fall into a shaft and drop 2 floors!
  1828 | D:4      | Found a staircase to the Ecumenical Temple.
  1842 | D:3      | Noticed Terence
  1845 | D:2      | Noticed Sigmund
  1865 | D:3      | Killed Terence
  1866 | D:3      | Gained mutation: Your natural rate of healing is unusually
                  | fast. [Vine Stalker growth]
  1866 | D:3      | Reached XP level 4. HP: 3/21 MP: 5/9
  2067 | D:3      | Noticed Grinder
  2241 | D:3      | Killed Grinder
  2242 | D:3      | Reached skill level 4 in Stealth
  2242 | D:3      | Reached skill level 5 in Ice Magic
  2242 | D:3      | Reached XP level 5. HP: 20/24 MP: 7/11
  2242 | D:3      | Reached XP level 6. HP: 23/28 MP: 7/12
  2795 | D:2      | Noticed Jessica
  3247 | D:2      | Killed Jessica
  3266 | D:2      | Reached skill level 5 in Stealth
  3266 | D:2      | Found a faded altar of an unknown god.
  3330 | D:2      | Learned a level 3 spell: Frozen Ramparts
  3334 | D:2      | Learned a level 3 spell: Ozocubu's Armour
  3887 | Temple   | Entered the Ecumenical Temple
  4064 | Temple   | Became a worshipper of Warmaster Okawaru
  4458 | D:4      | Reached XP level 7. HP: 13/32 MP: 7/14
  4925 | D:5      | Entered Level 5 of the Dungeon
  4939 | D:5      | Reached skill level 1 in Short Blades
  5202 | D:5      | Reached skill level 1 in Invocations
  5543 | D:5      | Found Plog's Armour Emporium.
  5715 | D:5      | Reached skill level 6 in Stealth
  5817 | D:5      | Reached * piety under Okawaru
  5818 | D:5      | Gained mutation: You have razor-sharp teeth. [Vine Stalker
                  | growth]
  5818 | D:5      | Reached XP level 8. HP: 30/34 MP: 14/16
  6066 | D:5      | Bought a +2 pair of gloves of strength for 279 gold pieces
  6270 | D:5      | Noticed hgbash's ghost (novice GrBe)
  6343 | D:5      | Found a runed translucent gate.
  6343 | D:5      | Found a runed translucent gate.
  6343 | D:5      | Found a runed translucent gate.
  6847 | D:6      | Reached skill level 5 in Spellcasting
  7428 | D:6      | Found an opulent altar of Gozag.
  7485 | D:6      | Found a basalt altar of Yredelemnul.
  8134 | D:7      | Noticed a wyvern
  8294 | D:7      | Reached skill level 7 in Stealth
  9266 | D:7      | Reached ** piety under Okawaru
  9267 | D:7      | Reached XP level 9. HP: 15/39 MP: 6/18
  9466 | D:7      | Learned a level 2 spell: Ensorcelled Hibernation
  9712 | D:7      | Reached skill level 1 in Hexes
 10075 | D:7      | Reached skill level 8 in Stealth
 10240 | D:8      | Reached *** piety under Okawaru
 10313 | D:8      | Reached skill level 5 in Invocations
 10313 | D:8      | Reached XP level 10. HP: 38/44 MP: 16/20
 10458 | D:8      | Reached **** piety under Okawaru
 10522 | D:8      | Reached skill level 5 in Short Blades
 10522 | D:8      | Reached skill level 9 in Stealth
 11618 | D:9      | Found a staircase to the Lair.
 11667 | D:9      | Reached ***** piety under Okawaru
 11871 | Lair:1   | Entered Level 1 of the Lair of Beasts
 11883 | Lair:1   | Upgraded the game from 0.29-a0-732-g3d7fbe0af2 to
                  | 0.29-a0-757-g358383bc75
 11951 | Lair:1   | Reached XP level 11. HP: 47/47 MP: 23/23
 12164 | Lair:1   | Reached skill level 10 in Stealth
 12313 | Lair:1   | Found a blossoming altar of Fedhas.
 12315 | Lair:1   | Noticed an oklob plant
 12317 | Lair:1   | Noticed an oklob plant
 12319 | Lair:1   | Killed an oklob plant
 12319 | Lair:1   | Identified the +0 steam dragon scales of Okawaru's
                  | Condemnation {rElec Dex+7} (Okawaru gifted it to you on
                  | level 1 of the Lair of Beasts)
 12319 | Lair:1   | Received a gift from Okawaru
 12321 | Lair:1   | Killed an oklob plant
 12322 | Lair:1   | Reached skill level 5 in Hexes
 12896 | Lair:2   | Learned a level 4 spell: Hailstorm
 13130 | Lair:2   | Noticed a catoblepas
 13261 | Lair:2   | Reached skill level 1 in Conjurations
 13749 | Lair:2   | Killed a catoblepas
 13999 | Lair:2   | Reached XP level 12. HP: 42/51 MP: 17/25
 14188 | Lair:3   | Reached skill level 11 in Stealth
 14362 | Lair:3   | Noticed a seven-headed hydra
 14375 | Lair:3   | Killed a three-headed hydra
 14422 | Lair:3   | Found a runed translucent door.
 14422 | Lair:3   | Noticed Archem's ghost (journeyman OgTm)
 14448 | Lair:3   | Got the Guide on Intoxication
 14455 | Lair:3   | Learned a level 5 spell: Metabolic Englaciation
 14572 | Lair:3   | Reached skill level 1 in Fighting
 14605 | Lair:3   | Reached skill level 1 in Evocations
 14623 | Lair:3   | Found a staircase to the Snake Pit.
 14690 | Lair:3   | Received a gift from Okawaru
 16006 | Lair:4   | Found a staircase to the Shoals.
 16030 | Lair:4   | Noticed a five-headed hydra
 16036 | Lair:4   | Killed a five-headed hydra
 16244 | Lair:4   | Noticed a four-headed hydra
 16258 | Lair:4   | Killed a one-headed hydra
 16258 | Lair:4   | Identified the +0 robe of Divine Compulsion {rPois Will+}
                  | (Okawaru gifted it to you on level 4 of the Lair of Beasts)
 16258 | Lair:4   | Received a gift from Okawaru
 16801 | Lair:5   | Noticed a six-headed hydra
 16816 | Lair:5   | Killed a six-headed hydra
 16835 | Lair:5   | Reached XP level 13. HP: 26/59 MP: 16/27
 17375 | Lair:5   | Reached skill level 12 in Stealth
 17421 | Lair:5   | Reached skill level 10 in Ice Magic
 18154 | Lair:6   | Entered Level 6 of the Lair of Beasts
 18248 | Lair:6   | Identified the +7 morningstar of Law {speed, rElec Str-4
                  | Dex+4} (Okawaru gifted it to you on level 6 of the Lair of
                  | Beasts)
 18248 | Lair:6   | Received a gift from Okawaru
 18531 | Lair:6   | Reached skill level 5 in Conjurations
 18623 | Lair:6   | Found a staircase to the Slime Pits.
 18624 | Lair:6   | Found a viscous altar of Jiyva.
 18767 | Lair:6   | Noticed Rupert
 18772 | Lair:6   | Paralysed by Rupert for 2 turns
 18977 | Lair:6   | Noticed a dire elephant
 19031 | Lair:6   | Killed a dire elephant
 19031 | Lair:6   | Identified the +4 rapier "Eveocs" {holy, Int+4} (Okawaru
                  | gifted it to you on level 6 of the Lair of Beasts)
 19031 | Lair:6   | Received a gift from Okawaru
 19309 | Lair:6   | Reached XP level 14. HP: 65/66 MP: 26/28
 19728 | Lair:6   | Paralysed by Rupert for 2 turns
 19752 | Lair:6   | HP: 1/67 [Rupert/+1 vorpal great mace (15)]
 19752 | Lair:6   | Slain by Rupert

Illustrated notes

Levels and vault maps discovered:
D:1:      saegor_arrival_simple_d, layout_loops_ring
D:2:      layout_basic, basic_ecumenical_altar, uniq_jessica, uniq_sigmund
D:3:      layout_basic, chequers_serial_rivers_micro_c, uniq_grinder,
          uniq_terence
D:4:      layout_cave_pods, minmay_temple_entry_stoned_glass
D:5:      layout_basic, serial_shops, nicolae_shop_hallway_stairs,
          gammafunk_ghost_icy
D:6:      nicolae_BIG_FREAKIN_CUBE, layout_loops_corners,
          mainiacjoe_overflow_catch_the_wave
D:7:      layout_basic
D:8:      layout_gridville, minmay_ruffians
D:9:      layout_gridville, minmay_lair_entry_grove, patterned_corridor
Temple:   bh_familiar_temple
Lair:1:   layout_chaotic_city, hangedman_tree_tricks,
          chequers_serial_rivers_large_a
Lair:2:   layout_chaotic_city, portal_ice_cave_demonic_guard,
          nicolae_quartered_pool_little
Lair:3:   layout_roguey, minmay_snake_entry_six_corridors,
          hellmonk_ghost_happy_afterlife, serial_bayou_lake_a
Lair:4:   layout_roguey, elwin_shoals_entry_rocks, enter_volcano_3,
          grunt_megastairs_2
Lair:5:   hellmonk_destroyed_diamonds, layout_loops_ring,
          kilobyte_rumbling_trees
Lair:6:   minmay_lair_end_enchanted_forest, layout_misc_corridors,
          slime_entry_1, nicolae_lair_grazing_beasts
          [nicolae_sub_lair_graze_edge, nicolae_sub_lair_graze_edge,
          nicolae_sub_lair_graze_edge, nicolae_sub_lair_graze_edge], uniq_rupert

Skill      XL: |  1  2  3  4  5  6  7  8  9 10 11 12 13 14 |
---------------+-------------------------------------------+-----
Stealth        | 3 4 5 6 7 8 9 10 11 12 | 12.8
Dodging        | 2 3 |  3.0
Spellcasting   | 3 4 5 6 7 8 9 |  9.9
Ice Magic      | 5 6 7 8 9 10 | 10.5
Short Blades   | 2 3 4 5 6 7 8 |  8.1
Invocations    | 2 3 5 6 7 8 9 |  9.0
Hexes          | 2 4 5 6 7 |  7.8
Conjurations   | 2 4 5 |  5.7
Fighting       | 2 4 |  4.4
Evocations     | 2 4 |  4.4

Action                   |  1- 3 |  4- 6 |  7- 9 | 10-12 | 13-15 || total
-------------------------+-------+-------+-------+-------+-------++-------
Melee: Unarmed           |    10 |       |       |       |       ||    10
       Dagger            |    32 |   102 |   225 |   705 |   430 ||  1494
       Bite              |    11 |    25 |    95 |   280 |   209 ||   620
       Punch             |       |     2 |     4 |    17 |    13 ||    36
       War axe           |       |       |       |    11 |       ||    11
 Fire: Sling             |       |       |       |     1 |    31 ||    32
Throw: Boomerang         |       |       |     1 |       |       ||     1
       Dart              |       |       |       |       |     5 ||     5
 Cast: Freeze            |    24 |     3 |    17 |     3 |       ||    47
       Frozen Ramparts   |       |     1 |     4 |    18 |    15 ||    38
       Ozocubu's Armour  |       |       |       |     1 |     1 ||     2
       Ensorcelled Hiber |       |       |       |     1 |     1 ||     2
       Metabolic Englaci |       |       |       |       |     9 ||     9
       Hailstorm         |       |       |       |       |     4 ||     4
Invok: Heroism           |       |       |     4 |    10 |     4 ||    18
       Finesse           |       |       |       |     5 |     2 ||     7
Evoke: Wand              |       |     6 |    10 |     5 |     9 ||    30
       Condenser vane    |       |       |       |       |     1 ||     1
  Use: Scroll            |     7 |     1 |     9 |     4 |     5 ||    26
       Potion            |     3 |     1 |     2 |     2 |     2 ||    10
 Stab: Sleeping          |     5 |    14 |    14 |    25 |     9 ||    67
       Distracted        |       |       |       |     1 |     5 ||     6
Armor: Robe              |    12 |    17 |    21 |       |       ||    50
       Steam dragon scal |       |       |     9 |   122 |    65 ||   196
Dodge: Dodged            |    39 |    87 |   114 |   402 |   223 ||   865
Block: Other             |       |       |       |     9 |    46 ||    55

Table legend: (Time is in decaauts)
 A = Elapsed time spent in this place.
 B = Non-inter-level travel time spent in this place.
 C = Inter-level travel time spent in this place.
 D = Time resting spent in this place.
 E = Time spent auto-exploring this place.
 F = Levels seen in this place.
 G = Mean time per level.
                   A        B        C        D        E       F      G
               +--------+--------+--------+--------+--------+-----+--------+
         Total |  19318 |  18973 |    345 |   6500 |   7786 |  16 | 1207.4 |
       Dungeon |  11554 |  11321 |    233 |   4459 |   4549 |   9 | 1283.8 |
        Temple |    203 |    177 |     26 |      0 |    165 |   1 |  203.0 |
          Lair |   7561 |   7475 |     86 |   2040 |   3072 |   6 | 1260.2 |
               +--------+--------+--------+--------+--------+-----+--------+

Top non-repeatable levels by time:
     D:7: 2151 daAuts
     D:1: 1715 daAuts
  Lair:3: 1680 daAuts
     D:5: 1654 daAuts
  Lair:6: 1499 daAuts
     D:6: 1429 daAuts
     D:4: 1387 daAuts
  Lair:5: 1335 daAuts
  Lair:2: 1207 daAuts
     D:8: 1197 daAuts
     D:3: 1156 daAuts
  Lair:1: 979 daAuts
  Lair:4: 859 daAuts
     D:2: 460 daAuts
     D:9: 402 daAuts
